 Dungeon Crawl Stone Soup version 0.28-a0-537-g3bccd9ccbf (webtiles) character file.

Game seed: 94243423595382502

1206 siradein the Skirmisher (level 8, -2/71 HPs)
             Began as a Hill Orc Fighter on Sept 28, 2021.
             Slain by a lemure (4 damage)
             ... led by Pikel
             ... on level 6 of the Dungeon.
             The game lasted 00:23:32 (7554 turns).

siradein the Skirmisher (Hill Orc Fighter)          Turns: 7554, Time: 00:23:33

Health: -2/71      AC: 10    Str: 20    XL:     8   Next: 45%
Magic:  8/8        EV:  5    Int:  8    God:
Gold:   246        SH:  5    Dex: 11    Spells: 7/7 levels left

rFire   . . .      SeeInvis .   a - +0 war axe
rCold   . . .      Faith    .   c - +0 buckler
rNeg    . . .      Spirit   .   b - +0 scale mail
rPois   .          Reflect  .   f - +0 helmet
rElec   .          Harm     .   (no cloak)
rCorr   .          Rampage  .   (no gloves)
Will    .....                   v - +0 pair of boots
Stlth   ..........              (no amulet)
HPRegen 0.21/turn               (no ring)
MPRegen 0.11/turn               (no ring)

@: petrifying, very slow
A: no striking features
a: no special abilities


You were on level 6 of the Dungeon.
You visited 1 branch of the dungeon, and saw 6 of its levels.

You collected 246 gold pieces.

Inventory:

Hand Weapons
 a - a +0 war axe (weapon)
Missiles
 e - 55 stones (quivered)
 m - 10 boomerangs
Armour
 b - a +0 scale mail (worn)
 c - a +0 buckler (worn)
 f - a +0 helmet (worn)
 v - a +0 pair of boots (worn)
Jewellery
 h - an amulet of faith
 n - a ring of wizardry
 p - a ring of wizardry
Wands
 j - a wand of charming (5)
 l - a wand of polymorph (1)
Scrolls
 i - a scroll of vulnerability
 k - 2 scrolls of teleportation
 o - a scroll of magic mapping {unknown}
 t - a scroll of immolation {unknown}
 u - a scroll of enchant weapon {unknown}
 w - a scroll of identify
Potions
 d - a potion of might
 g - a potion of lignification
 q - a potion of berserk rage
 r - a potion of brilliance
 s - a potion of curing {unknown}


   Skills:
 + Level 6.4 Fighting
 + Level 6.3 Axes
 + Level 3.6 Throwing
 + Level 5.8 Armour
 + Level 5.8 Shields


You had 7 spell levels left.
You didn't know any spells.
Your spell library contained the following spells:

 Spells                   Type           Power      Damage    Failure   Level
 Dazzling Flash           Conj/Hex       0%         N/A       98%         3
 Iskenderun's Mystic Bla  Conj/Tloc      0%         2d3       100%        4
 Starburst                Conj/Fire      0%         6d3       100%        6


Dungeon Overview and Level Annotations

Branches:
Dungeon (6/15)
 Temple: D:4-7

Altars:
Sif Muna
Uskayaw

Annotations:
D:6 Pikel


Message History

Pikel bites you but does no damage.
The lemure hits you but does no damage. x3
Pikel gazes at you. You resist with some effort.
The lemure hits you but does no damage. The lemure hits you.
* * * LOW HITPOINT WARNING * * *
The lemure hits you.
* * * LOW HITPOINT WARNING * * *
Pikel gazes at you.
You turn to flesh and can move again.
Unknown command.
You slash Pikel!
Pikel is severely wounded.
You closely miss the lemure. You slash the lemure! You closely miss the lemure.
The lemure barely misses you. x2; The lemure hits you.
* * * LOW HITPOINT WARNING * * *
Pikel gazes at you. You resist with some effort. The lemure closely misses you.
You slash Pikel!
Pikel is almost dead.
You closely miss the lemure. You hit the lemure. You closely miss the lemure.
You block the lemure's attack. The lemure hits you.
* * * LOW HITPOINT WARNING * * *
Pikel gazes at you. You resist with some effort. The lemure closely misses you.
You hit Pikel but do no damage.
Pikel is almost dead.
You hit the lemure. You barely miss the lemure. You hit the lemure.
You block the lemure's attack. The lemure hits you.
* * * LOW HITPOINT WARNING * * *
Pikel gazes at you.
You are slowing down.
The lemure hits you.
* * * LOW HITPOINT WARNING * * *
The lemure hits you but does no damage. The lemure barely misses you.
You closely miss Pikel.
Pikel is almost dead.
You hit the lemure. You miss the lemure. You closely miss the lemure.
Pikel bites you but does no damage. The lemure hits you.
You die...

#.#..5..... ##.#####...#
####...# .# ####.#...##
##....#...# #.......###
#.# #####..#..## ###...
##.#.#...5..###.#...
##........l@........#
####.........55......##
#.####.#..............#
##......###...........##
.#
##....................##
.##
#..........#.##.#.....#
##..#
...#......##.#######..#
....#
#..##....###.#.###.#..#
....#
#..........#....#5.[..###
....#


You could see Pikel the basilisk and 3 lemures.

Vanquished Creatures
  2 ogres (D:4)
  2 scorpions
  A water moccasin skeleton (D:4)
  5 wights (D:6)
  2 centaur zombies
  3 hounds
  A jelly (D:6)
  A bullfrog skeleton (D:6)
  An iguana (D:5)
  3 orc wizards
  Terence (D:3)
  A hound skeleton (D:4)
  Robin (D:3)
  7 gnolls
  9 adders
  A shadow imp (D:3)
  5 worms
  3 dart slugs
  13 orcs
  5 bats
  4 endoplasms
  5 giant cockroaches
  11 goblins
  13 hobgoblins
  8 jackals
  3 quokkas
  8 ball pythons
  7 frilled lizards
  10 kobolds
  6 rats
142 creatures vanquished.

Notes
Turn   | Place    | Note
-------+----------+-------------------------------------------
     0 | D:1      | siradein the Hill Orc Fighter began the quest for the Orb.
     0 | D:1      | Reached XP level 1. HP: 19/19 MP: 1/1
   211 | D:1      | Reached XP level 2. HP: 27/27 MP: 2/2
   600 | D:1      | Reached XP level 3. HP: 32/33 MP: 3/3
   703 | D:1      | Found a faded altar of an unknown god.
  1454 | D:2      | Reached XP level 4. HP: 40/40 MP: 4/4
  1473 | D:2      | Reached skill level 1 in Throwing
  1516 | D:2      | Found a shimmering blue altar of Sif Muna.
  2062 | D:3      | Noticed Sigmund
  2063 | D:3      | Noticed Sigmund
  2063 | D:3      | Sigmund changed into Sigmund the scorpion
  2074 | D:3      | Killed Sigmund the scorpion
  2075 | D:3      | Reached XP level 5. HP: 17/47 MP: 5/5
  2708 | D:3      | Noticed Terence
  2729 | D:3      | Killed Terence
  2875 | D:3      | Reached XP level 6. HP: 44/55 MP: 6/6
  3484 | D:3      | Noticed Robin
  3493 | D:3      | Killed Robin
  3724 | D:3      | You fall into a shaft and drop 1 floor!
  3734 | D:4      | Reached skill level 5 in Fighting
  5075 | D:4      | Reached XP level 7. HP: 61/61 MP: 7/7
  5156 | D:4      | Reached skill level 5 in Axes
  5478 | D:4      | Reached skill level 5 in Shields
  5524 | D:4      | Reached skill level 5 in Armour
  5942 | D:5      | Entered Level 5 of the Dungeon
  6130 | D:5      | Found a hide-covered altar of Uskayaw.
  6644 | D:6      | Noticed Eustachio
  6645 | D:6      | Noticed Eustachio
  6645 | D:6      | Eustachio changed into Eustachio the frilled lizard
  6652 | D:6      | Killed Eustachio the frilled lizard
  6739 | D:6      | Reached XP level 8. HP: 66/70 MP: 8/8
  7487 | D:6      | Noticed Pikel
  7536 | D:6      | Noticed Pikel
  7536 | D:6      | Pikel changed into Pikel the basilisk
  7553 | D:6      | HP: 2/71 [lemure[Pikel] (2)]
  7554 | D:6      | Slain by a lemure

Illustrated notes

Levels and vault maps discovered:
D:1:      nagdon_arrival_zigzag_paths, layout_basic,
          shapermc_ecumenical_altar_notcrosses
D:2:      layout_loops_ring, basic_altar, st_stairs_14
D:3:      layout_loops_corners, uniq_terence, uniq_sigmund, uniq_robin
D:4:      layout_cave_pools, roderic_lattice_a, kennysheep_generic_room_10
D:5:      layout_basic, old_standard_altar
D:6:      layout_cave_pools, minmay_temple_entry_nine_rooms, uniq_eustachio,
          uniq_pikel

Skill      XL: |  1  2  3  4  5  6  7  8 |
---------------+-------------------------+-----
Axes           | 3 4 5 6 |  6.3
Fighting       | 4 5 6 |  6.4
Throwing       | 1 2 3 |  3.6
Armour         | 4 5 |  5.8
Shields        | 4 5 |  5.8

Action                   |  1- 3 |  4- 6 |  7- 9 || total
-------------------------+-------+-------+-------++-------
Melee: War axe           |    83 |   240 |   171 ||   494
Throw: Stone             |     6 |     1 |    37 ||    44
Evoke: Wand              |       |     1 |     4 ||     5
  Use: Potion            |       |     2 |       ||     2
       Scroll            |       |       |     4 ||     4
Armor: Scale mail        |    39 |   138 |    96 ||   273
Dodge: Dodged            |    36 |   147 |    79 ||   262
Block: Buckler           |    24 |    80 |    44 ||   148

Table legend: (Time is in decaauts)
 A = Elapsed time spent in this place.
 B = Non-inter-level travel time spent in this place.
 C = Inter-level travel time spent in this place.
 D = Time resting spent in this place.
 E = Time spent auto-exploring this place.
 F = Levels seen in this place.
 G = Mean time per level.
                   A        B        C        D        E       F      G
               +--------+--------+--------+--------+--------+-----+--------+
         Total |   7695 |   7523 |    172 |   1526 |   4666 |   6 | 1282.5 |
       Dungeon |   7695 |   7523 |    172 |   1526 |   4666 |   6 | 1282.5 |
               +--------+--------+--------+--------+--------+-----+--------+

Top non-repeatable levels by time:
     D:3: 2379 daAuts
     D:4: 1393 daAuts
     D:1: 1364 daAuts
     D:2: 1191 daAuts
     D:6: 925 daAuts
     D:5: 441 daAuts
